[ AOE2 MATCH · #505039240 ]
UnrankedVikings vs Bulgarians
Player's team · LOSS
[ REPLAY ANALYSIS · EXTRACTED FROM THE RECORDED GAME ]
Feudal
8:25
Castle
20:36
Imperial
—
| APM avg | 55.5 |
| APM peak | 112 |
| eAPM avg | 27.7 |
| Villagers / military | 97 / 97 |
Focus
⚔️ 34.7% · 🌾 65.3%
Spearman ×37 · Archer ×14 · Scout Cavalry ×12 · Cavalry Archer ×12 · Monk ×10 · Skirmisher ×10
Feudal
8:50
Castle
21:06
Imperial
—
| APM avg | 43.7 |
| APM peak | 75 |
| eAPM avg | 25.7 |
| Villagers / military | 111 / 57 |
Focus
⚔️ 45.6% · 🌾 54.4%
Knight ×33 · Skirmisher ×7 · Scorpion ×6 · Monk ×4 · Militia ×4 · Scout Cavalry ×2
Match map
Initial resources + every placement click. Lines = walls · curves = elevation contours. ◆ gold · ⬟ stone · ● berries · ✦ relic · ◌ wall gap
Your base· Open — unwalled flank
GKT_Cloud's base· Open — 3t gap
Smoothed initial terrain · ◌ = detected wall gap · hover for details
Inputs per minute
— OS+ | Emil :D - - GKT_Cloud
Build order — OS+ | Emil :D
First 150 of 340 actions detected
| 0:00 | Create | Villager (Male) |
| 0:01 | Create | Villager (Male) |
| 0:02 | Build | House |
| 0:03 | Build | House |
| 0:06 | Create | Villager (Male) |
| 0:06 | Create | Villager (Male) |
| 1:17 | Create | Villager (Male) |
| 1:17 | Create | Villager (Male) |
| 1:46 | Build | Lumber Camp |
| 2:00 | Create | Villager (Male) |
| 2:00 | Create | Villager (Male) |
| 2:00 | Create | Villager (Male) |
| 2:45 | Create | Villager (Male) |
| 2:45 | Create | Villager (Male) |
| 2:46 | Create | Villager (Male) |
| 2:57 | Create | Villager (Male) |
| 3:03 | Build | House |
| 3:05 | Build | House |
| 3:07 | Build | Palisade Wall |
| 3:32 | Create | Villager (Male) |
| 3:32 | Create | Villager (Male) |
| 3:43 | Build | House |
| 3:47 | Create | Villager (Male) |
| 3:47 | Create | Villager (Male) |
| 4:48 | Create | Villager (Male) |
| 4:48 | Create | Villager (Male) |
| 4:50 | Create | Villager (Male) |
| 4:51 | Create | Villager (Male) |
| 4:57 | Create | Villager (Male) |
| 4:58 | Create | Villager (Male) |
| 5:00 | Create | Villager (Male) |
| 5:00 | Create | Villager (Male) |
| 5:16 | Create | Villager (Male) |
| 5:16 | Create | Villager (Male) |
| 5:33 | Build | Mill |
| 6:09 | Research | Feudal Age |
| 6:48 | Research | Loom |
| 6:53 | Build | Lumber Camp |
| 7:29 | Build | Palisade Wall |
| 7:30 | Build | Palisade Wall |
| 7:31 | Build | Palisade Wall |
| 7:33 | Build | Palisade Wall |
| 7:34 | Build | Palisade Wall |
| 7:35 | Build | Palisade Wall |
| 7:36 | Build | Palisade Wall |
| 7:36 | Build | Palisade Wall |
| 7:51 | Build | Barracks |
| 7:54 | Build | Palisade Wall |
| 7:55 | Build | Palisade Wall |
| 7:55 | Build | Palisade Wall |
| 8:16 | Create | Villager (Male) |
| 8:25 | Age | Feudal Age |
| 8:39 | Create | Spearman |
| 8:47 | Build | Archery Range |
| 8:58 | Build | Palisade Gate |
| 9:03 | Create | Villager (Male) |
| 9:09 | Create | Spearman |
| 9:10 | Create | Villager (Male) |
| 9:20 | Research | Double-Bit Axe |
| 9:20 | Research | Double-Bit Axe |
| 9:21 | Create | Villager (Male) |
| 9:42 | Create | Skirmisher |
| 9:43 | Create | Skirmisher |
| 9:55 | Create | Spearman |
| 9:59 | Build | House |
| 10:02 | Build | Palisade Wall |
| 10:04 | Build | Palisade Wall |
| 10:15 | Build | Palisade Wall |
| 10:20 | Build | Palisade Wall |
| 10:21 | Build | Palisade Wall |
| 10:27 | Create | Villager (Male) |
| 10:30 | Build | House |
| 10:40 | Create | Skirmisher |
| 10:44 | Build | Farm |
| 10:45 | Build | Farm |
| 10:50 | Create | Villager (Male) |
| 10:50 | Create | Villager (Male) |
| 10:54 | Build | Farm |
| 10:56 | Build | Farm |
| 11:03 | Create | Skirmisher |
| 11:15 | Create | Skirmisher |
| 11:22 | Create | Villager (Male) |
| 11:37 | Create | Villager (Male) |
| 11:46 | Build | Farm |
| 11:46 | Build | Farm |
| 11:47 | Build | Farm |
| 12:05 | Create | Villager (Male) |
| 12:15 | Create | Villager (Male) |
| 12:17 | Create | Skirmisher |
| 12:28 | Build | Stable |
| 12:56 | Build | House |
| 12:59 | Research | Town Watch |
| 13:07 | Create | Villager (Male) |
| 13:09 | Build | Farm |
| 13:09 | Build | Farm |
| 13:23 | Create | Scout Cavalry |
| 13:23 | Create | Scout Cavalry |
| 13:26 | Create | Villager (Male) |
| 13:36 | Create | Villager (Male) |
| 13:54 | Build | House |
| 13:56 | Create | Villager (Male) |
| 13:58 | Create | Skirmisher |
| 14:05 | Create | Scout Cavalry |
| 14:05 | Create | Scout Cavalry |
| 14:10 | Build | Farm |
| 14:15 | Build | Farm |
| 14:15 | Build | Farm |
| 14:21 | Build | House |
| 14:23 | Build | House |
| 14:36 | Create | Villager (Male) |
| 14:51 | Create | Scout Cavalry |
| 14:51 | Create | Scout Cavalry |
| 14:51 | Create | Scout Cavalry |
| 14:52 | Create | Archer |
| 14:57 | Build | House |
| 15:01 | Build | Palisade Wall |
| 15:05 | Create | Skirmisher |
| 15:12 | Create | Villager (Male) |
| 15:28 | Create | Villager (Male) |
| 15:35 | Build | House |
| 15:38 | Build | Palisade Wall |
| 15:48 | Build | Mining Camp |
| 15:55 | Create | Villager (Male) |
| 16:10 | Build | Farm |
| 16:10 | Build | Farm |
| 16:12 | Build | Farm |
| 16:29 | Create | Villager (Male) |
| 16:51 | Create | Villager (Male) |
| 17:56 | Research | Castle Age |
| 17:56 | Research | Castle Age |
| 18:09 | Research | Horse Collar |
| 18:09 | Research | Horse Collar |
| 18:17 | Research | Gold Mining |
| 18:17 | Research | Gold Mining |
| 18:24 | Build | Archery Range |
| 18:35 | Build | House |
| 18:38 | Build | House |
| 18:38 | Build | House |
| 18:46 | Build | Blacksmith |
| 18:52 | Create | Scout Cavalry |
| 18:53 | Create | Scout Cavalry |
| 19:23 | Create | Archer |
| 19:26 | Create | Archer |
| 19:26 | Create | Archer |
| 19:35 | Create | Scout Cavalry |
| 19:37 | Create | Villager (Male) |
| 19:39 | Build | House |
| 19:39 | Build | House |
| 19:51 | Research | Fletching |
| 19:52 | Research | Fletching |
Build order — GKT_Cloud
First 150 of 256 actions detected
| 0:00 | Create | Villager (Male) |
| 0:01 | Create | Villager (Male) |
| 0:01 | Create | Villager (Male) |
| 0:02 | Build | House |
| 0:03 | Build | House |
| 0:10 | Create | Villager (Male) |
| 0:10 | Create | Villager (Male) |
| 1:35 | Create | Villager (Male) |
| 1:35 | Create | Villager (Male) |
| 1:58 | Create | Villager (Male) |
| 1:58 | Create | Villager (Male) |
| 2:13 | Build | Lumber Camp |
| 2:20 | Create | Villager (Male) |
| 2:45 | Create | Villager (Male) |
| 3:01 | Create | Villager (Male) |
| 3:22 | Create | Villager (Male) |
| 3:49 | Create | Villager (Male) |
| 3:51 | Build | House |
| 4:22 | Create | Villager (Male) |
| 4:54 | Create | Villager (Male) |
| 5:13 | Build | Barracks |
| 5:21 | Create | Villager (Male) |
| 5:41 | Create | Villager (Male) |
| 5:49 | Build | House |
| 5:55 | Research | Loom |
| 6:37 | Research | Feudal Age |
| 6:47 | Create | Militia |
| 6:47 | Create | Militia |
| 7:08 | Create | Militia |
| 7:09 | Create | Militia |
| 7:11 | Build | Mill |
| 7:57 | Build | House |
| 8:37 | Create | Villager (Male) |
| 8:41 | Build | House |
| 8:50 | Age | Feudal Age |
| 9:05 | Create | Villager (Male) |
| 9:08 | Research | Double-Bit Axe |
| 9:19 | Build | Farm |
| 9:24 | Create | Villager (Male) |
| 9:27 | Build | Farm |
| 9:37 | Build | House |
| 9:38 | Build | Palisade Wall |
| 9:40 | Build | Palisade Wall |
| 9:44 | Create | Villager (Male) |
| 9:53 | Build | Farm |
| 10:02 | Create | Villager (Male) |
| 10:22 | Create | Villager (Male) |
| 10:39 | Build | Archery Range |
| 10:50 | Create | Villager (Male) |
| 10:57 | Build | Farm |
| 11:16 | Create | Villager (Male) |
| 11:23 | Build | Palisade Wall |
| 11:39 | Create | Villager (Male) |
| 11:40 | Create | Skirmisher |
| 11:48 | Build | Blacksmith |
| 12:06 | Create | Villager (Male) ×5 |
| 12:17 | Create | Villager (Male) ×2 |
| 12:22 | Build | Mining Camp |
| 12:24 | Build | Farm |
| 12:27 | Build | Farm |
| 12:35 | Build | House |
| 12:48 | Build | Palisade Gate |
| 12:50 | Build | Palisade Wall |
| 13:00 | Create | Skirmisher |
| 13:00 | Create | Skirmisher |
| 13:03 | Create | Villager (Male) |
| 13:11 | Build | Farm |
| 13:21 | Build | Farm |
| 13:42 | Create | Villager (Male) |
| 13:50 | Build | Farm |
| 13:51 | Create | Skirmisher |
| 13:56 | Research | Fletching |
| 13:59 | Create | Villager (Male) |
| 14:03 | Build | House |
| 14:08 | Build | Palisade Wall |
| 14:12 | Build | House |
| 14:15 | Build | House |
| 14:20 | Build | Palisade Wall |
| 14:23 | Create | Skirmisher |
| 14:24 | Create | Villager (Male) |
| 14:26 | Build | Farm |
| 14:32 | Build | Farm |
| 14:43 | Create | Skirmisher |
| 14:44 | Create | Villager (Male) ×5 |
| 14:56 | Build | House |
| 14:57 | Build | House |
| 14:59 | Build | House |
| 15:03 | Build | Palisade Gate |
| 15:14 | Build | House |
| 15:21 | Create | Spearman |
| 15:30 | Build | Palisade Wall |
| 15:40 | Create | Skirmisher |
| 15:44 | Build | Palisade Wall |
| 15:50 | Create | Villager (Male) ×4 |
| 15:52 | Build | Farm |
| 16:19 | Build | Farm |
| 16:19 | Build | Farm |
| 16:23 | Build | Farm |
| 16:28 | Build | House |
| 16:37 | Build | House |
| 16:50 | Build | Farm |
| 17:33 | Create | Villager (Male) |
| 17:37 | Build | Farm |
| 17:54 | Create | Villager (Male) |
| 18:06 | Build | Farm |
| 18:08 | Build | Farm |
| 18:10 | Build | Farm |
| 18:14 | Research | Castle Age |
| 18:14 | Research | Castle Age |
| 18:46 | Build | Stable |
| 19:03 | Research | Scale Barding Armor |
| 19:05 | Research | Forging |
| 19:11 | Research | Horse Collar |
| 19:46 | Create | Scout Cavalry |
| 20:03 | Create | Scout Cavalry |
| 20:23 | Build | Stable |
| 20:26 | Research | Bloodlines |
| 20:59 | Create | Villager (Male) |
| 21:06 | Age | Castle Age |
| 21:08 | Create | Knight |
| 21:08 | Create | Knight |
| 21:24 | Create | Villager (Male) |
| 21:24 | Build | Farm |
| 21:25 | Build | Farm |
| 21:27 | Build | House |
| 21:31 | Research | Iron Casting |
| 21:32 | Research | Husbandry |
| 21:41 | Create | Knight |
| 21:53 | Build | House |
| 21:58 | Create | Villager (Male) |
| 22:03 | Build | Lumber Camp |
| 22:12 | Create | Knight |
| 22:17 | Build | Farm |
| 22:18 | Create | Villager (Male) |
| 22:27 | Create | Knight ×2 |
| 23:00 | Create | Villager (Male) |
| 23:02 | Create | Knight |
| 23:19 | Build | Farm |
| 23:19 | Build | Farm |
| 23:20 | Create | Villager (Male) ×2 |
| 23:36 | Create | Knight |
| 23:38 | Build | Farm |
| 23:44 | Create | Knight |
| 23:55 | Create | Knight |
| 24:11 | Create | Villager (Male) |
| 24:14 | Build | Town Center |
| 24:18 | Create | Knight |
| 24:28 | Build | Farm |
| 24:36 | Create | Knight |
| 24:36 | Create | Villager (Male) |
Match timeline
| 3:07 | OS+ | Emil :D · wall_segment Palisade Wall x1 |
| 5:13 | GKT_Cloud · first_building Barracks |
| 7:29 | OS+ | Emil :D · wall_segment Palisade Wall x1 |
| 7:30 | OS+ | Emil :D · wall_segment Palisade Wall x1 |
| 7:31 | OS+ | Emil :D · wall_segment Palisade Wall x1 |
| 7:33 | OS+ | Emil :D · wall_segment Palisade Wall x1 |
| 7:34 | OS+ | Emil :D · wall_segment Palisade Wall x1 |
| 7:35 | OS+ | Emil :D · wall_segment Palisade Wall x1 |
| 7:36 | OS+ | Emil :D · wall_segment Palisade Wall x1 |
| 7:36 | OS+ | Emil :D · wall_segment Palisade Wall x1 |
| 7:51 | OS+ | Emil :D · first_building Barracks |
| 7:54 | OS+ | Emil :D · wall_segment Palisade Wall x1 |
| 7:55 | OS+ | Emil :D · wall_segment Palisade Wall x1 |
| 7:55 | OS+ | Emil :D · wall_segment Palisade Wall x1 |
| 8:25 | OS+ | Emil :D · age_up feudal |
| 8:47 | OS+ | Emil :D · first_building Archery Range |
| 8:50 | GKT_Cloud · age_up feudal |
| 9:38 | GKT_Cloud · wall_segment Palisade Wall x2 |
| 9:40 | GKT_Cloud · wall_segment Palisade Wall x9 |
| 10:02 | OS+ | Emil :D · wall_segment Palisade Wall x1 |
| 10:04 | OS+ | Emil :D · wall_segment Palisade Wall x1 |
| 10:15 | OS+ | Emil :D · wall_segment Palisade Wall x1 |
| 10:20 | OS+ | Emil :D · wall_segment Palisade Wall x1 |
| 10:21 | OS+ | Emil :D · wall_segment Palisade Wall x1 |
| 10:39 | GKT_Cloud · first_building Archery Range |
| 11:23 | GKT_Cloud · wall_segment Palisade Wall x1 |
| 12:28 | OS+ | Emil :D · first_building Stable |
| 12:50 | GKT_Cloud · wall_segment Palisade Wall x1 |
| 14:08 | GKT_Cloud · wall_segment Palisade Wall x2 |
| 14:20 | GKT_Cloud · wall_segment Palisade Wall x1 |
| 15:01 | OS+ | Emil :D · wall_segment Palisade Wall x14 |
| 15:30 | GKT_Cloud · wall_segment Palisade Wall x1 |
| 15:38 | OS+ | Emil :D · wall_segment Palisade Wall x8 |
| 15:44 | GKT_Cloud · wall_segment Palisade Wall x1 |
| 18:46 | GKT_Cloud · first_building Stable |
| 20:36 | OS+ | Emil :D · age_up castle |
| 21:06 | GKT_Cloud · age_up castle |
| 22:13 | OS+ | Emil :D · first_building Monastery |
| 22:27 | OS+ | Emil :D · wall_segment Palisade Wall x1 |
| 22:33 | OS+ | Emil :D · wall_segment Palisade Wall x1 |
| 22:40 | OS+ | Emil :D · wall_segment Palisade Wall x1 |
| 23:09 | OS+ | Emil :D · wall_segment Palisade Wall x1 |
| 24:30 | OS+ | Emil :D · wall_segment Palisade Wall x4 |
| 24:56 | GKT_Cloud · first_building Monastery |
| 25:06 | OS+ | Emil :D · wall_segment Palisade Wall x1 |
| 25:54 | OS+ | Emil :D · wall_segment Palisade Wall x1 |
| 29:45 | OS+ | Emil :D · first_market_buy 100 stone |
| 30:13 | GKT_Cloud · first_building Siege Workshop |
| 31:32 | OS+ | Emil :D · wall_segment Palisade Wall x1 |
| 31:34 | OS+ | Emil :D · wall_segment Palisade Wall x1 |
| 34:21 | OS+ | Emil :D · resign |
[ AI ANALYSIS · 1 CREDIT ]
What really happened in this match?
Wolo.gg analyzes every decision: build order, eco, micro, common mistakes by bracket. Personalized analysis on WhatsApp or Discord in 30 seconds.
Civ guide
Vikings
Perfil
Emil :D